 Dungeon Crawl Stone Soup version 0.17-a0-2231-gd80ca38 (webtiles) character file.

4837 Helmschank the Envoy of Void (level 10, -14/87 (89) HPs)
             Began as a Hill Orc Abyssal Knight on Oct 30, 2015.
             Was a High Priest of Lugonu.
             Demolished by a hill giant
             ... wielding a +0 giant club
              (20 damage)
             ... on level 9 of the Dungeon on Oct 31, 2015.
             The game lasted 01:00:22 (11328 turns).

Helmschank the Envoy of Void (HOAK)                Turns: 11328, Time: 01:00:22

HP:   -14/87 (89)   AC: 19    Str: 19    XL:     10   Next: 49%
MP:   18/18         EV:  6    Int: 12    God:    Lugonu [*****.]
Gold: 304           SH:  0    Dex: 10    Spells: 0 memorised, 9 levels left

rFire  . . .     SeeInvis .     w - +0 hand axe (elec)
rCold  + . .     Clarity  +     K - +0 plate armour
rNeg   . . .     SustAt   .     (no shield)
rPois  +         Gourm    .     P - +0 helmet
rElec  .         Spirit   .     v - +2 cloak
rCorr  .         Warding  .     (no gloves)
rMut   .         Stasis   .     b - +0 pair of boots
MR     .....                    s - amulet of clarity
Stlth  ..........               C - ring of protection from cold
                                i - ring of poison resistance

@: not resistant to hostile enchantments, extremely unstealthy
A: no striking features
a: Depart the Abyss, Bend Space, Banish, Corrupt, Enter the Abyss, Renounce
Religion


You were on level 9 of the Dungeon.
You worshipped Lugonu.
Lugonu was extremely pleased with you.
You were hungry.

You visited 2 branches of the dungeon, and saw 10 of its levels.
You visited the Abyss 1 time.

You collected 385 gold pieces.
You spent 81 gold pieces at shops.

Inventory:

Hand Weapons
 a - a +1 hand axe of venom
 d - a +1 whip of freezing
 e - a +0 blowgun
 q - a +3 executioner's axe of chopping
 u - a +0 dagger of venom
 w - a +0 hand axe of electrocution (weapon)
 B - a +1 hand axe
 D - a +2 dagger of venom
 Q - a +0 dagger of venom
Missiles
 h - 55 bolts
 x - 262 stones
 O - 4 javelins (quivered)
 R - 16 poisoned needles
 S - 4 tomahawks
Armour
 b - a +0 pair of boots (worn)
 v - a +2 cloak (worn)
 y - a +0 chain mail
 K - a +0 plate armour (worn)
 P - a +0 helmet (worn)
Jewellery
 i - a ring of poison resistance (left hand)
 s - an amulet of clarity (around neck)
 C - a ring of protection from cold (right hand)
 I - an uncursed ring of ice
Wands
 M - a wand of lightning (6)
 T - a wand of teleportation (4)
Scrolls
 o - 3 scrolls of fear
 E - 2 scrolls of amnesia
 G - a scroll of fog
 J - a scroll of teleportation
 L - a scroll of magic mapping
 N - a scroll of recharging
Potions
 g - 3 potions of lignification
 j - 6 potions of curing
 l - 2 potions of haste
 m - a potion of agility
 n - a potion of berserk rage
 p - 3 potions of brilliance
 F - a potion of beneficial mutation {unknown}
 H - 2 potions of magic
Comestibles
 c - 7 bread rations
 f - 4 meat rations
 k - 2 beef jerkies
 r - 4 chunks of flesh
 t - 3 fruits
 z - a slice of pizza
 A - a royal jelly


   Skills:
 + Level 8.3 Fighting
 * Level 11.3 Axes
 + Level 6.9 Armour
 - Level 0.7 Dodging
 * Level 11.7 Invocations


You had 9 spell levels left.
You didn't know any spells.

Dungeon Overview and Level Annotations

Branches:
Dungeon (9/15)             Temple (1/1) D:4            Lair (0/8) D:9
    Orc: D:9-12

Altars:
Ashenzari
Cheibriados
Dithmenos
Elyvilon
Fedhas
Gozag
Kikubaaqudgha
Makhleb
Nemelex Xobeh
Qazlal
Ru
Sif Muna
Trog
Vehumet
Xom
Yredelemnul
Zin
The Shining One

Shops:
D:4 *   D:5 [


Message History

The hill giant is severely wounded.
Your plate armour prevents you from hitting the hill giant.
The hill giant is severely wounded.
The hill giant hits you with a giant club!!
You hit the hill giant but do no damage.
The hill giant is severely wounded.
You barely miss the hill giant.
The hill giant is severely wounded.
The hill giant completely misses you.
You completely miss the hill giant.
The hill giant is severely wounded.
Your plate armour prevents you from hitting the hill giant.
The hill giant is severely wounded.
The hill giant hits you with a giant club!!
* * * LOW HITPOINT WARNING * * *
You hit the hill giant but do no damage.
There is a sudden explosion of sparks!
The hill giant is almost dead.
The hill giant hits you with a giant club!!
You die...

######################
..#>........#........#
..#.........#........#
..#.........#........#
..#######...#........#
........#...#........#
........#...'....# ..#
......###...###..#...#
..#...##.....##.@C...#
..#..(#.......#|.#...#
..#...#.....P.#..# ..#
...............### .#
.................# ..
###.).....>......# ..
...†.............# .
..####..P........# ..#
.#.......#..#


You could see a hill giant.

Vanquished Creatures
  Pikel (D:3)
  Sigmund (D:6)
  A wyvern (D:8)
  4 yaks
  2 wargs (D:9)
  Menkaure (D:6)
  2 orc warriors (D:9)
  2 slaves (D:3)
  A sky beast (D:6)
  2 necrophages
  4 phantoms
  3 ogres
  6 giant frogs
  3 scorpions
  2 wights (D:7)
  A centaur zombie (D:7)
  3 crimson imps
  A wasp zombie (D:5)
  2 giant frog skeletons
  5 hounds
  3 giant frog zombies
  4 orc priests
  2 centaur skeletons
  A jelly (D:5)
  8 orc wizards
  3 iguanas
  Terence (D:3)
  7 worker ants
  A hound zombie (D:6)
  A hound skeleton (D:8)
  13 adders
  An ooze (D:2)
  An adder skeleton (D:4)
  2 adder zombies
  7 worms
  9 giant geckos
  24 orcs
  13 bats
  8 giant cockroaches
  11 goblins
  12 hobgoblins
  12 jackals
  10 kobolds
  9 quokkas
  3 ball pythons
  9 giant newts
  A jackal zombie (D:5)
  A quokka skeleton (D:5)
  9 rats
233 creatures vanquished.

Vanquished Creatures (others)
  An ogre (D:5)
  3 orcs (D:4)
4 creatures vanquished.

Grand Total: 237 creatures vanquished

Notes
Turn   | Place    | Note
--------------------------------------------------------------
     0 | Abyss:1  | Helmschank the Hill Orc Abyssal Knight began the quest for the Orb.
     0 | Abyss:1  | Reached XP level 1. HP: 19/19 MP: 2/2
    51 | Abyss:1  | Noticed a Hell Sentinel
    57 | Abyss:1  | Noticed a bone dragon
    62 | D:1      | Escaped the Abyss
   217 | D:1      | Reached XP level 2. HP: 27/27 MP: 4/4
   486 | D:1      | Reached ** piety under Lugonu
   510 | D:1      | Reached XP level 3. HP: 26/33 MP: 5/5
   670 | D:1      | Reached skill level 4 in Fighting
  1464 | D:1      | Reached XP level 4. HP: 9/40 MP: 7/7
  2387 | D:2      | Reached *** piety under Lugonu
  3230 | D:3      | Reached XP level 5. HP: 46/46 MP: 8/8
  3396 | D:3      | Reached skill level 5 in Invocations
  3741 | D:3      | Noticed Terence
  3755 | D:3      | Killed Terence
  3925 | D:3      | Reached **** piety under Lugonu
  4365 | D:4      | Reached XP level 6. HP: 53/53 MP: 8/10
  4463 | D:4      | Reached skill level 5 in Axes
  4568 | D:4      | Found a staircase to the Ecumenical Temple.
  4578 | Temple   | Entered the Ecumenical Temple
  4828 | D:4      | Noticed a slave
  4829 | D:4      | Noticed Pikel
  4853 | D:4      | Noticed a slave
  4896 | D:3      | Killed a slave
  4903 | D:3      | Killed a slave
  5131 | D:4      | Noticed a slave
  5153 | D:3      | Killed Pikel
  5153 | D:3      | Reached skill level 5 in Fighting
  5153 | D:3      | Reached skill level 6 in Axes
  5153 | D:3      | Reached skill level 7 in Invocations
  5153 | D:3      | Reached XP level 7. HP: 61/61 MP: 10/12
  5239 | D:4      | Reached XP level 8. HP: 55/70 MP: 13/13
  5588 | D:4      | Found Erphaw's Assorted Antiques.
  5596 | D:4      | Bought 2 scrolls labeled QERUHU BEHOI for 56 gold pieces
  5596 | D:4      | Bought a smoky orange potion for 25 gold pieces
  5646 | D:5      | Entered Level 5 of the Dungeon
  5729 | D:5      | Found an opulent altar of Gozag.
  6278 | D:5      | Found Kikhleleo's Antique Armour Boutique.
  6344 | D:5      | Reached skill level 8 in Invocations
  7036 | D:6      | Noticed Sigmund
  7076 | D:6      | Killed Sigmund
  7076 | D:6      | Reached skill level 5 in Armour
  7076 | D:6      | Reached skill level 9 in Invocations
  7097 | D:6      | Noticed Menkaure
  7136 | D:5      | Reached XP level 9. HP: 18/78 MP: 15/15
  7408 | D:6      | Killed Menkaure
  7722 | D:6      | Identified a scroll of acquirement
  7747 | D:6      | Found a glowing golden altar of the Shining One.
  8277 | D:7      | Reached skill level 10 in Invocations
  8388 | D:7      | Found a sparkling altar of Nemelex Xobeh.
  9443 | D:8      | Reached skill level 10 in Axes
  9676 | D:8      | Reached XP level 10. HP: 84/86 MP: 18/18
  9718 | D:8      | Reached ***** piety under Lugonu
  9846 | D:8      | Reached skill level 11 in Invocations
 11175 | D:9      | Found a staircase to the Lair.
 11314 | D:9      | Noticed a hill giant
 11328 | D:9      | Demolished by a hill giant

Vault maps used:
D:1:      dpeg_arrival_rhombi
D:2:      minmay_tree_intersection
D:3:      uniq_terence
D:4:      temple_hall, first_bread, serial_shops, nicolae_shop_trees, uniq_pikel
D:5:      serial_shops, nicolae_shop_waterfront, basic_altar
D:6:      old_standard_altar, minmay_misc_feat_encased, uniq_sigmund,
          uniq_menkaure
D:7:      nemelex_xobeh_ov_fountains_minmay, serial_undead, serial_undead_f,
          serial_undead_b, serial_undead_f, serial_undead_c, minmay_holes
D:9:      okawaru_metal_pillars_1_2, erik_lair_orcish_takeover
Temple:   nicolae_temple_elliptical
Abyss:1:  minivault_19

Action                   |  1- 3 |  4- 6 |  7- 9 | 10-12 || total
-------------------------+-------+-------+-------+-------++-------
Melee: Hand axe          |   137 |   308 |   520 |   250 ||  1215
       Executioner's axe |       |       |     3 |       ||     3
 Fire: Blowgun           |       |     9 |     2 |     7 ||    18
Throw: Stone             |    40 |    26 |     9 |     9 ||    84
       Javelin           |    10 |    50 |    63 |    15 ||   138
Invok: Bend Space        |     1 |       |       |       ||     1
       Banish            |       |       |     1 |       ||     1
  Use: Potion            |     1 |     2 |     1 |       ||     4
       Scroll            |       |    15 |     4 |     2 ||    21
  Eat: Chunk             |     2 |    12 |    14 |     5 ||    33
       Pizza             |       |       |     1 |       ||     1
       Fruit             |       |       |     1 |       ||     1
